 Dungeon Crawl Stone Soup version 0.17-a0-1984-g55f5988 (webtiles) character file.

91 Ordine the Ruffian (level 4, -2/45 HPs)
             Began as a Troll Monk on Oct 6, 2015.
             Slain by Ordine's ghost (12 damage)
             ... on level 3 of the Dungeon.
             The game lasted 00:06:15 (1836 turns).

Ordine the Ruffian (Troll Monk)                     Turns: 1836, Time: 00:06:15

Health: -2/45      AC:  5    Str: 19    XL:     4   Next: 34%
Magic:  3/3        EV: 10    Int:  6    God:
Gold:   120        SH:  0    Dex: 13    Spells: 0 memorised, 3 levels left

rFire  . . .     SeeInvis .       - Unarmed
rCold  . . .     Clarity  .     a - +0 robe
rNeg   . . .     SustAt   .     (no shield)
rPois  .         Gourm    +     (helmet restricted)
rElec  .         Spirit   .     (no cloak)
rCorr  .         Warding  .     (gloves unavailable)
rMut   .         Stasis   .     (boots unavailable)
MR     .....                    (no amulet)
Stlth  +.........               (no ring)
                                (no ring)

@: confused, not resistant to hostile enchantments, very unstealthy
A: unfitting armour, claws 3, fast metabolism 3, gourmand, regeneration 2,
shaggy fur 1, tough skin 2
a: no special abilities


You were on level 3 of the Dungeon.
You were very full.

You visited 1 branch of the dungeon, and saw 3 of its levels.

You collected 120 gold pieces.

Inventory:

Armour
 a - a +0 robe (worn)
Scrolls
 c - 3 scrolls of enchant weapon
 d - 3 scrolls of amnesia
 h - a scroll of immolation
 i - a scroll of blinking
 m - a scroll of remove curse
Potions
 e - a potion of lignification
 f - a potion of agility {unknown}
 g - a potion of ambrosia
 k - a potion of beneficial mutation {unknown}
 l - a potion of poison {unknown}
 n - a potion of invisibility {unknown}
 o - a potion of might {unknown}
 p - a potion of heal wounds {unknown}
 q - a potion of degeneration {unknown}
Comestibles
 b - 4 bread rations
 j - a chunk of flesh


   Skills:
 + Level 3.1 Fighting
 + Level 2.7 Dodging
 - Level 1.1 Stealth
 * Level 5.0 Unarmed Combat


You had 3 spell levels left.
You didn't know any spells.

Dungeon Overview and Level Annotations

Branches:
Dungeon (3/15)

Altars:
Vehumet

Annotations:
D:3 Ordine's ghost, amateur MiGl


Innate Abilities, Weirdness & Mutations

You are too large for most types of armour.
You have claws for hands.
Your metabolism is lightning-fast.
You like to eat raw meat.
You heal very quickly.
You are covered in fur (AC +1).
You have very tough skin (AC +2).


Message History

You scratch Ordine's ghost but do no damage.
Ordine's ghost is lightly damaged.
Ordine's ghost hits you!
You scratch Ordine's ghost but do no damage.
Ordine's ghost is lightly damaged.
Ordine's ghost closely misses you.
You barely miss Ordine's ghost.
Ordine's ghost is lightly damaged.
Ordine's ghost hits you but does no damage.
You scratch Ordine's ghost but do no damage.
Ordine's ghost is lightly damaged.
Ordine's ghost hits you!
* * * LOW HITPOINT WARNING * * *
You are too injured to fight recklessly!
Drink which item? (? for menu, Esc to quit)
You are confused.
You feel invigorated.
Ordine's ghost whispers, "There is no future for you."
Ordine's ghost hits you!
You die...

..........'..#
###.......##.#
#.......##.##
##########..# ##.#
#
######.##########
.
.................?
#
########..........
#..@..(....
##.W.......
##########
#..######.
#........# ##.#
#........# #†#
#........# ...
#........# .....
#........# ......#
#........#
#####..#


You could see Ordine's ghost.

Vanquished Creatures
  2 adders (D:2)
  2 worms (D:2)
  3 orcs (D:3)
  9 bats
  9 hobgoblins
  3 jackals (D:3)
  6 giant cockroaches
  4 giant newts
  11 goblins
  9 kobolds
  5 rats (D:1)
63 creatures vanquished.

Vanquished Creatures (others)
  A goblin (D:1)
1 creature vanquished.

Grand Total: 64 creatures vanquished

Notes
Turn   | Place    | Note
--------------------------------------------------------------
     0 | D:1      | Ordine the Troll Monk began the quest for the Orb.
     0 | D:1      | Reached XP level 1. HP: 22/22 MP: 0/0
    57 | D:1      | Reached XP level 2. HP: 29/29 MP: 1/1
   821 | D:2      | Reached XP level 3. HP: 29/36 MP: 2/2
   973 | D:2      | Found a radiant altar of Vehumet.
  1247 | D:2      | Reached XP level 4. HP: 24/45 MP: 3/3
  1566 | D:3      | Reached skill level 5 in Unarmed Combat
  1818 | D:3      | Noticed Ordine's ghost (amateur MiGl)
  1836 | D:3      | Slain by Ordine's ghost

Vault maps used:
D:1:      sevenhm_arrival_forest_fort_small_6, lemuel_flame_loot_1
D:2:      vehumet_crystals, nrook_mini_vaults
D:3:      bloody_trog, portal_sewer_entry_b

Action                   |  1- 3 |  4- 6 || total
-------------------------+-------+-------++-------
Melee: Unarmed           |    90 |    52 ||   142
  Use: Scroll            |     4 |     6 ||    10
       Potion            |       |     1 ||     1
 Stab: Sleeping          |     2 |     2 ||     4
  Eat: Chunk             |    16 |     5 ||    21
